 Dungeon Crawl Stone Soup version 0.31.0-7-gf635a9b802 (webtiles) character file.

Game seed: 2757686420392480700

3086 Arcadio the Covert (level 9, -2/63 HPs)
             Began as an Octopode Brigand on Jan 23, 2024.
             Was an Elder of Lugonu.
             Slain by a wolf spider zombie (7 damage)
             ... on level 8 of the Dungeon.
             The game lasted 00:11:53 (7104 turns).

Arcadio the Covert (Octopode Brigand)               Turns: 7104, Time: 00:11:53

Health: -2/63      AC:  1    Str: 16    XL:     9   Next: 89%
Magic:  11/11      EV: 21    Int: 14    God:    Lugonu [****..]
Gold:   371        SH:  0    Dex: 17    Spells: 8/8 levels left

rFire   . . .        n - +2 dagger (vamp)
rCold   + . .        (no shield)
rNeg    . . .        (helmet restricted)
rPois   .            (no amulet)
rElec   .            i - +5 ring of evasion
rCorr   .            j - +6 ring of strength
SInv    .            u - ring of protection from cold
Will    .....        (no ring)
Stlth   ++++++       (no ring)
HPRegen 0.30/turn    (no ring)
MPRegen 0.12/turn    (no ring)
                     (no ring)

%: no passive effects
@: no status effects
A: almost no armour, amphibious, 8 rings, camouflage 1, gelatinous body 1,
(nimble swimmer 1), tentacles
a: Renounce Religion, Depart the Abyss, Banish, Corrupt


You were on level 8 of the Dungeon.
You worshipped Lugonu.
Lugonu was greatly pleased with you.
You visited 2 branches of the dungeon, and saw 9 of its levels.

You collected 371 gold pieces.

Inventory:

Hand Weapons
 a - a +2 dagger
 e - a +0 dagger of venom
 n - a +2 vampiric dagger (weapon)
 o - a +2 dagger of draining
 p - a +2 dagger of holy wrath
 t - a +1 falchion of pain
Missiles
 b - 20 poisoned darts (quivered)
 c - 5 curare-tipped darts
 f - a throwing net
Jewellery
 i - a +5 ring of evasion (left tentacle)
 j - a +6 ring of strength (right tentacle)
 u - a ring of protection from cold (on tentacle)
Wands
 s - a wand of iceblast (9)
Scrolls
 d - 2 scrolls of blinking
 g - 3 scrolls of teleportation
 q - 2 scrolls of fog
 r - a scroll of enchant armour {unknown}
 v - 2 scrolls of immolation {unknown}
 w - 2 scrolls of poison
 y - a scroll of brand weapon {unknown}
Potions
 h - a potion of heal wounds {unknown}
 k - 3 potions of might
 l - 2 potions of lignification {unknown}
 m - a potion of berserk rage {unknown}
 x - a potion of brilliance {unknown}


   Skills:
 + Level 6.8 Fighting
 + Level 6.8 Short Blades
 - Level 2.0 Throwing
 + Level 6.5 Dodging
 + Level 10.7 Stealth
 + Level 2.9 Invocations


You had 8 spell levels left.
You didn't know any spells.
Your spell library contained the following spells:

 Spells                   Type           Power      Damage    Failure   Level
 Kiss of Death            Conj/Necr      0%         2d5       28%         1
 Magic Dart               Conj           0%         1d3       28%         1
 Blink                    Tloc           0%         N/A       41%         2
 Call Imp                 Summ           0%         N/A       41%         2
 Searing Ray              Conj           0%         2d4       41%         2
 Confusing Touch          Hex            0%         N/A       65%         3
 Hailstorm                Conj/Ice       0%         3d5       65%         3
 Summon Ice Beast         Ice/Summ       0%         N/A       65%         3
 Tukima's Dance           Hex            0%         N/A       65%         3
 Dispel Undead            Necr           0%         3d6       96%         4
 Fulminant Prism          Conj/Alch      0%         3d5       96%         4
 Passage of Golubria      Tloc           0%         N/A       96%         4
 Yara's Violent Unravell  Hex/Alch       0%         3d3       100%        5
 Sculpt Simulacrum        Ice/Alch       0%         N/A       100%        6


Dungeon Overview and Level Annotations

Branches:
Dungeon (8/15)             Temple (1/1) D:6
   Lair: D:8-11

Altars:
Ashenzari
Cheibriados
Dithmenos
Elyvilon
Fedhas
Gozag
Hepliaklqana
Qazlal
Ru
Trog
Uskayaw
Vehumet
Wu Jian
Yredelemnul
Zin
The Shining One
Lugonu

Shops:
D:1 :   D:7 (


Innate Abilities, Weirdness & Mutations

You cannot wear most types of armour.
You are amphibious.
You can wear up to eight rings at the same time.
Your skin changes colour to match your surroundings (Stealth+).
Your rubbery body absorbs attacks. (AC +1, EV +1)
((You are camouflaged when in or above water. (Stealth+)))
You have tentacles for arms and can constrict up to eight enemies at once.


Message History

You barely miss the bullfrog. You grab the bullfrog.
You constrict the bullfrog. The bullfrog hits you!
You hit the bullfrog.
You feel better.
The bullfrog is lightly wounded.
You constrict the bullfrog. The bullfrog closely misses you.
You hit the bullfrog.
The bullfrog is heavily wounded.
You constrict the bullfrog. The bullfrog barely misses you.
You hit the bullfrog.
You feel better.
You squeeze the bullfrog.
You kill the bullfrog!
Lugonu accepts your kill.
You start resting.
A wolf spider zombie is nearby!
A wolf spider zombie is nearby!
The wolf spider zombie completely misses you.
The wolf spider zombie bites you! The wolf spider zombie hits you!!
The wolf spider zombie closely misses you.
You hit the wolf spider zombie but do no damage.
You grab the wolf spider zombie.
The wolf spider zombie is lightly damaged.
You constrict the wolf spider zombie. The wolf spider zombie misses you. x2
You hit the wolf spider zombie. You squeeze the wolf spider zombie!
The wolf spider zombie is moderately damaged.
You constrict the wolf spider zombie, but do no damage.
You hit the wolf spider zombie. You squeeze the wolf spider zombie!
The wolf spider zombie is moderately damaged.
You constrict the wolf spider zombie. The wolf spider zombie hits you.
The wolf spider zombie bites you but does no damage.
You hit the wolf spider zombie. You squeeze the wolf spider zombie!
The wolf spider zombie is heavily damaged.
You constrict the wolf spider zombie.
The wolf spider zombie completely misses you.
The wolf spider zombie barely misses you.
You hit the wolf spider zombie. You squeeze the wolf spider zombie!
The wolf spider zombie is severely damaged.
You constrict the wolf spider zombie. The wolf spider zombie hits you!!
* * * LOW HITPOINT WARNING * * *
The wolf spider zombie bites you!
You die...

#.#..........
##.<..........
#.............
######..)..........
#..?.....).........
#...)...(..........
#...........#..###.
#.......$Z.....[..
#........@..<..###
#..............#
#..............#
#......?...#.....
.........#....(
#######..#....#
...# .!.. ...# ...


You could see a wolf spider zombie.

Vanquished Creatures
  2 centaur skeletons (D:8)
  Sigmund (D:6)
  Menkaure (D:5)
  3 water moccasins
  A black bear (D:6)
  A centaur (D:7)
  3 scorpions
  4 kobold brigands
  2 bullfrogs
  A gnoll sergeant (D:8)
  A bombardier beetle (D:5)
  A hound (D:6)
  An orc priest (D:3)
  2 jellies
  A sleepcap (D:4)
  Jessica (D:2)
  2 iguanas (D:5)
  5 orc wizards
  6 adders
  6 gnolls
  3 shadow imps
  6 ufetubi
  3 dart slugs (D:1)
  25 orcs
  5 endoplasms
  5 giant cockroaches
  6 goblins
  9 hobgoblins
  9 jackals
  23 kobolds
  3 quokkas
  7 ball pythons
  6 bats
  A frilled lizard (D:2)
  2 rats (D:1)
158 creatures vanquished.

Notes
Turn   | Place    | Note
-------+----------+-------------------------------------------
     0 | D:1      | Arcadio the Octopode Brigand began the quest for the Orb.
     0 | D:1      | Reached XP level 1. HP: 14/14 MP: 1/1
    53 | D:1      | Found a faded altar of an unknown god.
    71 | D:1      | Reached XP level 2. HP: 8/19 MP: 2/2
    74 | D:1      | Prayed at the altar of an unknown god.
    74 | D:1      | Became a worshipper of Lugonu the Unformed
    74 | D:1      | Reached * piety under Lugonu
   380 | D:1      | Reached XP level 3. HP: 25/25 MP: 3/3
   407 | D:1      | Found Xietott's Book Shop.
   463 | D:1      | Reached ** piety under Lugonu
   873 | D:2      | Noticed Jessica
   878 | D:2      | Killed Jessica
   879 | D:2      | Reached skill level 6 in Stealth
   879 | D:2      | Reached XP level 4. HP: 20/30 MP: 4/4
  1606 | D:3      | HP: 1/30 [acid (12)]
  1797 | D:3      | Reached XP level 5. HP: 23/36 MP: 5/5
  2125 | D:3      | Noticed a kobold brigand
  2134 | D:3      | Killed a kobold brigand
  2135 | D:3      | Reached XP level 6. HP: 28/42 MP: 6/6
  2202 | D:3      | Reached skill level 7 in Stealth
  2399 | D:4      | Reached *** piety under Lugonu
  2420 | D:4      | Found a bloodstained altar of Trog.
  2421 | D:4      | Found a broken altar of Ashenzari.
  2421 | D:4      | Found a snail-covered altar of Cheibriados.
  2424 | D:4      | Identified the death talisman of the Merchant {*Slow +Blink
                  | rC+++ SInv}
  2425 | D:4      | Found a blossoming altar of Fedhas.
  2425 | D:4      | Found a glowing golden altar of the Shining One.
  2426 | D:4      | Found a stormy altar of Qazlal.
  2948 | D:5      | Entered Level 5 of the Dungeon
  3067 | D:5      | Reached XP level 7. HP: 22/48 MP: 7/7
  3161 | D:5      | Found a hide-covered altar of Uskayaw.
  3469 | D:5      | Noticed Menkaure
  3473 | D:5      | Killed Menkaure
  3474 | D:5      | Reached skill level 8 in Stealth
  3703 | D:5      | Found a glowing silver altar of Zin.
  4087 | D:6      | Reached XP level 8. HP: 54/54 MP: 8/8
  4167 | D:6      | Reached **** piety under Lugonu
  4211 | D:6      | Noticed Sigmund
  4215 | D:6      | Killed Sigmund
  4216 | D:6      | Reached skill level 5 in Fighting
  4216 | D:6      | Reached skill level 5 in Short Blades
  4251 | D:6      | Found an ornate altar of the Wu Jian Council.
  4276 | D:6      | Reached skill level 5 in Dodging
  4276 | D:6      | Reached skill level 9 in Stealth
  4718 | D:6      | Found a staircase to the Ecumenical Temple.
  4724 | Temple   | Entered the Ecumenical Temple
  4781 | D:7      | Noticed a hornet
  4788 | D:7      | Banished a hornet
  4859 | D:7      | Reached XP level 9. HP: 57/62 MP: 9/9
  5377 | D:7      | Found Komn's Weapon Boutique.
  5377 | D:7      | Noticed a +0 giant spiked club
  5380 | D:7      | Noticed a +0 great mace
  5506 | D:8      | Noticed a hellwing
  5512 | D:8      | Reached skill level 10 in Stealth
  5579 | D:7      | Banished a hellwing
  5580 | D:7      | Reached skill level 1 in Invocations
  5976 | D:8      | HP: 3/63 [centaur warrior skeleton (9)]
  7104 | D:8      | Slain by a wolf spider zombie

Illustrated notes

Levels and vault maps discovered:
D:1:      minmay_arrival_four_circles, layout_basic,
          chequers_ecumenical_altar_simple_redux, serial_shops, shop,
          serial_aquarium, aquarium_bridge_square [aquarium_subvault_window,
          aquarium_subvault_bridge, aquarium_subvault_window,
          aquarium_subvault_bridge], aquarium_bridge_long_joined
          [aquarium_subvault_balcony, aquarium_subvault_bridge,
          aquarium_subvault_window, aquarium_subvault_bridge,
          aquarium_subvault_window, aquarium_subvault_bridge],
          aquarium_window_1, aquarium_window_3, aquarium_view_2b,
          minmay_surrounded
D:2:      layout_loops_ring, minmay_hedge_maze, uniq_jessica
D:3:      cheibrodos_thug_alley, layout_rooms
D:4:      layout_rooms, grunt_temple_overflow_open
D:5:      minmay_skewed_foursquare, layout_basic, overflow_temple_1_default,
          mainiacjoe_overflow_concentric_impassable, uniq_menkaure
D:6:      layout_basic, mainiacjoe_overflow_surrounded_room,
          minmay_temple_entry_enclosed_plants, uniq_sigmund
D:7:      layout_loops_cross, serial_shops, nicolae_shop_mannequins
D:8:      cheibrodos_grave_circle, layout_rooms,
          chequers_temple_overflow_statue_of_worship, erik_lair_dragon,
          minmay_lizard_king
Temple:   nicolae_temple_superstar

Skill      XL: |  1  2  3  4  5  6  7  8  9 |
---------------+----------------------------+-----
Dodging        | 2 3 4 5 6 |  6.5
Stealth        | 6 7 8 9 10 | 10.7
Fighting       | 3 4 5 6 |  6.8
Short Blades   | 3 4 5 6 |  6.8
Invocations    | 2 |  2.9
Throwing       | |  2.0

Action                     |  1- 3 |  4- 6 |  7- 9 || total
---------------------------+-------+-------+-------++-------
  Melee: Dagger            |    54 |   172 |   203 ||   429
         Tentacles         |    12 |    42 |    63 ||   117
         Constrict         |    11 |    46 |    43 ||   100
         Punch             |       |     1 |     4 ||     5
 Invoke: Banish            |       |     1 |     3 ||     4
    Use: Scroll            |       |       |     6 ||     6
   Stab: Sleeping          |    12 |     6 |    11 ||    29
         Distracted        |       |     1 |       ||     1
 Armour: Skin              |    14 |    50 |   137 ||   201
  Dodge: Dodged            |    19 |    96 |   256 ||   371
